Map: Dusk Towers

Players

SpaceMarine

  • Race: Protoss Protoss
  • League: Grandmaster

uThermal - Winner!

  • Race: Terran Terran
  • League: Grandmaster

Event: NationWars III

VOD

Have the link to the VOD?

Description

Time

  • Played on: Dec. 11, 2015, 2:08 p.m.
  • Length: 10:27
Show
View Real Time Build Order
Export as new Build Order

SpaceMarine Protoss 

Build Orders: 1 Gate Expand, Oracle Opening 

Get SALT Encoding   

  12  0:01  Probe (Chrono Boost)  
  13  0:11  Probe (Chrono Boost)  
  14  0:18  Pylon  
  14  0:22  Probe (Chrono Boost)  
  15  0:36  Gateway, Probe (Chrono Boost)  
  15  0:41  Assimilator  
  16  0:47  Probe (Chrono Boost)  
  17  0:58  Probe (Chrono Boost)  
  18  1:08  Probe (Chrono Boost)  
  19  1:19  Probe (Chrono Boost)  
  19  1:21  Nexus  
  20  1:32  Cybernetics Core  
  20  1:34  Probe (Chrono Boost)  
  21  1:40  Assimilator  
  21  1:45  Probe (Chrono Boost)  
  22  1:50  Pylon  
  22  1:55  Probe (Chrono Boost)  
  23  2:09  Mothership Core (Chrono Boost)  
  23  2:12  Stalker  
  27  2:24  Warp Gate  
  27  2:27  Probe (Chrono Boost)  
  28  2:33  Probe (Chrono Boost)  
  29  2:38  Probe (Chrono Boost)  
  31  2:44  Probe (Chrono Boost)  
  31  2:48  Probe (Chrono Boost)  
  31  2:50  Stargate, Assimilator  
  32  2:55  Probe (Chrono Boost)  
  33  2:59  Probe (Chrono Boost)  
  33  3:04  Gateway  
  33  3:05  Probe (Chrono Boost)  
  35  3:06  Gateway  
  35  3:10  Probe (Chrono Boost)  
  36  3:16  Probe (Chrono Boost)  
  37  3:22  Probe (Chrono Boost)  
  37  3:26  Probe (Chrono Boost)  
  39  3:29  Pylon  
  39  3:33  Probe (Chrono Boost), Oracle (Chrono Boost)  
  43  3:35  Probe  
  43  3:40  Robotics Facility  
  44  3:45  Probe x2, Pylon  
  46  3:51  Sentry  
  48  3:56  Probe, Assimilator  
  48  3:57  Probe  
  50  4:08  Probe (Chrono Boost)  
  50  4:09  Probe (Chrono Boost)  
  52  4:19  Probe (Chrono Boost), Pylon  
  52  4:20  Probe (Chrono Boost)  
  54  4:28  Observer  
  54  4:29  Probe (Chrono Boost)  
  54  4:30  Probe (Chrono Boost), Nexus  
  57  4:36  Robotics Bay  
  57  4:40  Probe (Chrono Boost)  
  57  4:45  Probe (Chrono Boost)  
  56  4:50  Probe (Chrono Boost)  
  57  4:53  Twilight Council  
  57  4:55  Immortal (Chrono Boost)  
  57  4:58  Stalker  
  63  5:00  Probe  
  63  5:02  Probe  
  63  5:06  Pylon  
  65  5:08  Pylon  
  65  5:12  Probe  
  65  5:13  Pylon  
  66  5:17  Probe  
  67  5:22  Probe  
  67  5:25  Disruptor (Chrono Boost)  
  68  5:29  Probe  
  68  5:31  Stalker  
  68  5:34  Probe, Blink (Chrono Boost)  
  75  5:40  Probe  
  75  5:41  Probe  
  76  5:47  Probe  
  76  5:49  Gateway  
  77  5:51  Gateway x2  
  77  5:53  Probe  
  77  5:54  Probe  
  77  5:56  Disruptor  
  79  5:57  Assimilator  
  79  5:58  Assimilator  
  79  5:59  Pylon  
  79  6:03  Probe  
  83  6:04  Probe  
  83  6:08  Probe  
  85  6:15  Probe  
  85  6:16  Probe  
  87  6:20  Stalker x2  
  87  6:21  Stalker  
  93  6:28  Probe x2  
  93  6:29  Disruptor  
  93  6:30  Forge x2  
  93  6:31  Probe  
  99  6:43  Probe  
  100  6:47  Stalker x3  
  100  6:48  Stalker x3  
  112  7:00  Nexus  
  112  7:02  Pylon  
  112  7:05  Protoss Ground Weapons Level 1, Protoss Ground Armor Level 1  
  112  7:12  Disruptor  
  115  7:25  Probe  
  115  7:26  Probe x2  
  115  7:28  Pylon  
  118  7:31  Pylon x2  
  118  7:34  Pylon  
  118  7:35  Stalker x3  
  124  7:39  Resonating Glaives (Chrono Boost)  
  124  7:47  Disruptor  
  124  7:58  Stalker x5  
  129  7:59  Stalker  
  139  8:16  Colossus  
  139  8:17  Gateway  
  139  8:18  Gateway  
  139  8:19  Gateway  
  139  8:21  Gateway  
  139  8:24  Gateway  
  139  8:26  Photon Cannon  
  145  8:27  Photon Cannon  
  145  8:40  Adept x5  
  145  8:41  Adept  
  141  9:05  Disruptor  
  141  9:08  Adept x4  
  141  9:09  Adept x2  
  154  9:23  Pylon  
  154  9:24  Pylon  
  149  9:26  Pylon  
  149  9:29  Adept x6  
  149  9:30  Adept x2  
  126  9:49  Disruptor  
  90  9:54  Stalker x2  
  90  9:55  Stalker x5  
  90  9:59  Adept x2  
  99  10:06  Adept x2  
Show
View Real Time Build Order
Export as new Build Order

uThermal Terran - Winner!

Build Orders: MMM Bio 

Get SALT Encoding   

  12  0:01  SCV  
  13  0:13  SCV  
  14  0:17  Supply Depot  
  14  0:25  SCV  
  15  0:39  SCV  
  15  0:40  Barracks  
  16  0:44  Refinery  
  16  0:51  SCV  
  17  1:03  SCV  
  18  1:15  SCV  
  19  1:27  Orbital Command  
  19  1:28  Barracks Reactor  
  19  1:39  Command Center  
  19  1:50  Supply Depot  
  19  1:53  SCV  
  20  2:05  SCV, Reaper x2  
  23  2:17  SCV  
  24  2:29  SCV  
  25  2:32  Command Center  
  25  2:40  Refinery  
  25  2:41  SCV  
  26  2:47  Factory  
  28  2:53  Orbital Command  
  28  2:56  SCV  
  28  2:58  Marine  
  28  3:01  Marine  
  29  3:08  SCV  
  30  3:20  SCV  
  30  3:23  Marine x2  
  30  3:24  SCV  
  32  3:30  Starport  
  32  3:31  Factory Tech Lab  
  32  3:32  SCV  
  33  3:36  SCV  
  33  3:41  Marine x2  
  34  3:44  Orbital Command  
  34  3:48  SCV x2  
  37  3:49  Cyclone  
  41  3:59  Marine x2  
  41  4:00  SCV x2  
  45  4:07  Viking  
  48  4:10  SCV  
  48  4:12  SCV  
  48  4:13  SCV  
  50  4:20  Barracks  
  50  4:22  SCV  
  50  4:23  Barracks  
  51  4:24  SCV, Siege Tank  
  51  4:28  Refinery  
  55  4:32  Supply Depot  
  55  4:36  SCV  
  55  4:37  SCV, Orbital Command  
  57  4:39  Marine x2  
  57  4:49  SCV, Engineering Bay  
  57  4:50  SCV  
  59  4:54  Supply Depot  
  59  4:57  Siege Tank  
  62  5:01  SCV  
  62  5:02  SCV  
  62  5:03  SCV  
  62  5:06  Supply Depot  
  62  5:07  Marine x2  
  65  5:09  Barracks Tech Lab  
  65  5:10  Barracks Tech Lab  
  65  5:13  SCV  
  65  5:14  SCV  
  69  5:15  SCV  
  69  5:19  Missile Turret  
  70  5:22  Missile Turret  
  70  5:26  SCV  
  70  5:27  SCV  
  72  5:28  Marine x2  
  72  5:33  Combat Shields, Stimpack, Marine x2  
  76  5:44  SCV, Starport Reactor  
  76  5:45  Factory Reactor  
  76  5:46  Barracks, Marine  
  76  5:48  SCV  
  76  5:49  SCV, Barracks  
  80  5:50  Terran Infantry Weapons Level 1  
  80  5:54  Supply Depot  
  80  5:56  Marine  
  81  5:57  Bunker  
  81  5:59  SCV, Refinery  
  81  6:01  SCV  
  81  6:02  Marauder  
  85  6:08  Supply Depot  
  85  6:12  Supply Depot  
  85  6:15  Marine  
  85  6:16  Supply Depot, Marauder, SCV x2  
  90  6:21  SCV  
  90  6:23  Marine  
  90  6:24  Marauder  
  93  6:30  Medivac  
  95  6:33  Marine  
  95  6:34  SCV, Marine  
  95  6:35  Supply Depot  
  95  6:37  Marauder  
  95  6:39  SCV  
  101  6:44  SCV  
  101  6:45  Marauder  
  101  6:46  SCV, Supply Depot, Marine  
  105  6:49  Marine, Medivac  
  105  6:51  Concussive Shells, Marine  
  109  6:56  Marauder, Refinery, Marine  
  109  6:58  Marine  
  109  7:00  Medivac  
  115  7:02  SCV x3  
  115  7:03  Marine  
  115  7:07  Supply Depot, Marauder  
  120  7:10  Barracks  
  120  7:13  Barracks  
  120  7:16  Marine  
  120  7:17  Marauder  
  120  7:18  Bunker  
  120  7:19  Bunker, Medivac  
  124  7:25  Liberator  
  124  7:26  Supply Depot  
  124  7:27  Supply Depot, Marine  
  124  7:28  Barracks  
  124  7:29  Marine x2  
  126  7:32  Liberator  
  126  7:35  Marine  
  126  7:36  Marauder, Marine  
  132  7:41  SCV x2  
  135  7:44  Terran Infantry Armor Level 1  
  135  7:45  Supply Depot  
  135  7:46  SCV  
  139  7:53  SCV  
  139  7:54  SCV, Marine x2  
  139  7:55  Marauder x2  
  147  7:59  Marine  
  147  8:00  Supply Depot  
  147  8:02  Barracks Reactor, Barracks Tech Lab, Supply Depot  
  146  8:08  Marine x2  
  146  8:12  Marine  
  147  8:16  Marauder x2  
  147  8:18  Marine  
  152  8:27  Marauder  
  154  8:31  Marine  
  154  8:32  Marauder  
  157  8:38  Marauder x2  
  157  8:51  Marauder, Marine  
  157  8:52  Marine, Medivac  
  157  8:53  Marauder, Marine  
  157  8:54  Marine  
  167  8:59  Marauder x2  
  167  9:00  Marine  
  167  9:01  Marine  
  167  9:02  Medivac  
  174  9:07  Marine  
  174  9:09  Supply Depot  
  175  9:10  Supply Depot, Marine  
  175  9:13  Armory, Marauder  
  175  9:14  Command Center, Engineering Bay  
  175  9:15  Marauder  
  178  9:20  Marauder  
  178  9:22  Marauder  
  180  9:26  Marine  
  180  9:29  Missile Turret  
  180  9:30  Marine x2  
  180  9:31  Medivac  
  185  9:32  Medivac  
  185  9:33  Supply Depot  
  185  9:34  Supply Depot, Marauder  
  189  9:44  Marine  
  189  9:45  Marauder  
  182  9:47  Marauder, Marine x2  
  182  9:48  Marauder  
  169  9:53  Marine  
  169  9:55  Marauder  
  172  10:05  Marine  
  172  10:07  Marine  
  171  10:08  Marine  
Tags
 
Add a new tag
Caveats
  • Supply blocks, unpowered buildings, or Contaminate may cause inaccurate times.
  • Supply counts are checked every 10 seconds.